Map: Efflorescence LE

Players

qqq - Winner!

  • Race: Protoss Protoss
  • League: Platinum
  • Spawn Location: 12:00

Massa - Winner!

  • Race: Terran Terran
  • League: Gold
  • Spawn Location: 3:00

SHOOTNIK

  • Race: Protoss Protoss
  • Spawn Location: 6:00

NinkaSuka

  • Race: Terran Terran
  • League: Diamond
  • Spawn Location: 9:00

VOD

Have the link to the VOD?

Description

Time

  • Played on: June 9, 2020, 12:17 p.m.
  • Length: 14:33
Show
View Real Time Build Order
Export as new Build Order

qqq Protoss - Winner!

Build Orders: Cannon Rush 

Get SALT Encoding   

  12  0:01  Probe  
  13  0:14  Pylon  
  13  0:19  Probe  
  14  0:32  Forge  
  14  0:37  Probe  
  15  0:51  Pylon  
  15  1:15  Photon Cannon  
  15  1:17  Photon Cannon  
  15  1:26  Pylon  
  15  1:49  Photon Cannon  
  15  1:53  Photon Cannon  
  15  2:07  Photon Cannon  
  15  2:20  Probe  
  16  2:32  Probe  
  17  2:37  Pylon  
  17  2:45  Pylon  
  17  2:55  Photon Cannon  
  17  3:05  Gateway  
  17  3:06  Photon Cannon  
  17  3:17  Photon Cannon  
  17  3:24  Assimilator  
  17  3:28  Photon Cannon  
  17  3:34  Probe  
  18  4:00  Photon Cannon  
  18  4:09  Photon Cannon  
  18  4:23  Photon Cannon  
  18  4:31  Cybernetics Core  
  18  4:34  Assimilator  
  18  4:36  Probe  
  18  4:38  Zealot  
  21  4:48  Probe  
  22  5:00  Probe  
  23  5:16  Pylon  
  23  5:19  Probe, Pylon  
  24  5:25  Stargate  
  24  5:31  Probe  
  25  5:43  Probe  
  25  5:55  Probe  
  26  6:06  Nexus  
  26  6:07  Probe  
  26  6:09  Oracle (Chrono Boost)  
  30  6:35  Photon Cannon  
  30  6:38  Photon Cannon  
  30  6:39  Phoenix (Chrono Boost)  
  30  6:44  Photon Cannon  
  32  7:01  Phoenix  
  34  7:26  Phoenix (Chrono Boost)  
  33  7:41  Probe  
  33  7:44  Phoenix (Chrono Boost)  
  34  7:49  Assimilator  
  36  7:53  Probe, Assimilator  
  37  8:05  Probe  
  42  8:07  Phoenix (Chrono Boost)  
  40  8:17  Probe (Chrono Boost)  
  42  8:29  Probe (Chrono Boost)  
  42  8:30  Phoenix  
  42  8:33  Probe (Chrono Boost)  
  44  8:36  Stargate  
  44  8:38  Pylon  
  45  8:43  Probe  
  46  8:55  Phoenix  
  48  8:56  Probe  
  49  9:08  Probe  
  50  9:20  Probe, Phoenix  
  50  9:22  Phoenix  
  55  9:32  Probe  
  56  9:45  Phoenix  
  54  9:59  Phoenix  
  50  10:10  Phoenix  
  52  10:16  Photon Cannon  
  52  10:18  Probe  
  53  10:30  Probe  
  53  10:33  Pylon  
  54  10:36  Pylon  
  54  10:43  Pylon  
  54  10:51  Probe, Phoenix x2  
  59  11:05  Fleet Beacon  
  59  11:06  Probe  
  59  11:08  Photon Cannon  
  60  11:15  Phoenix x2 (Chrono Boost)  
  64  11:19  Probe  
  63  11:31  Phoenix (Chrono Boost)  
  65  12:00  Phoenix x2  
  63  12:25  Phoenix x2  
  67  12:50  Phoenix x2  
  71  12:53  Stargate  
  71  12:56  Anion Pulse-Crystals  
  71  12:58  Stargate  
  71  13:15  Phoenix x2  
  75  13:40  Phoenix  
  77  13:48  Pylon  
  77  13:51  Pylon  
  77  13:55  Pylon  
  77  14:06  Phoenix x2  
Show
View Real Time Build Order
Export as new Build Order

Massa Terran - Winner!

Build Orders: Command Center First (CC) 

Get SALT Encoding   

  12  0:10  Supply Depot  
  12  0:13  SCV  
  13  0:25  SCV  
  14  0:37  SCV  
  15  0:49  SCV  
  16  1:05  Command Center  
  16  1:12  Refinery  
  16  1:20  SCV  
  17  1:29  Engineering Bay  
  17  1:32  SCV  
  18  1:47  Barracks  
  18  1:50  SCV  
  19  1:56  Refinery  
  19  2:02  SCV  
  20  2:40  Planetary Fortress  
  20  2:48  Marine  
  21  3:00  Hi-Sec Auto Tracking  
  21  3:06  Barracks, Marine  
  21  3:10  Supply Depot  
  21  3:22  Missile Turret  
  21  3:24  Marine  
  22  3:37  Barracks  
  22  3:40  Barracks  
  22  4:08  Command Center  
  22  4:09  Marine  
  23  4:27  Marine x2  
  23  4:28  Marine  
  26  4:41  SCV  
  26  4:45  Marine  
  27  4:47  Marine  
  29  4:53  SCV  
  30  5:03  Factory  
  30  5:06  SCV  
  31  5:21  SCV  
  31  5:22  SCV  
  31  5:26  Barracks Tech Lab  
  31  5:28  Barracks Reactor  
  33  5:33  SCV x2  
  33  5:34  SCV  
  36  5:45  SCV  
  37  5:50  SCV  
  37  5:55  Factory Tech Lab  
  38  6:01  Supply Depot  
  38  6:02  Barracks Reactor  
  38  6:04  Marauder, Marine  
  41  6:20  Siege Tank  
  41  6:23  Marine  
  41  6:25  Marauder, Supply Depot  
  47  6:31  SCV x2  
  46  6:43  SCV  
  41  7:06  Marauder, Marine x4  
  47  7:10  Barracks Reactor  
  47  7:13  Siege Tank  
  50  7:23  Missile Turret  
  50  7:24  Marine  
  50  7:25  Missile Turret  
  50  7:27  Marauder  
  53  7:31  Orbital Command  
  53  7:32  SCV  
  54  7:39  Terran Infantry Weapons Level 1  
  54  7:49  Marauder  
  54  7:51  Sensor Tower  
  56  8:05  Marine x3  
  58  8:07  SCV  
  58  8:10  Marauder  
  62  8:15  Orbital Command  
  62  8:24  Supply Depot  
  62  8:29  Supply Depot  
  62  8:46  Refinery, Marauder  
  62  8:48  Supply Depot, Siege Tank  
  67  8:55  Factory  
  67  9:06  Armory  
  67  9:09  Engineering Bay  
  67  9:33  Terran Infantry Armor Level 1  
  67  9:47  Stimpack  
  67  9:49  Siege Tank  
  70  9:55  Factory Reactor  
  70  10:06  Starport  
  71  10:43  Marauder, Marine  
  71  10:44  Marine x5  
  71  10:49  Thor  
  83  10:52  Widow Mine  
  85  10:58  Supply Depot  
  85  11:01  Marine  
  86  11:19  Marine x2, Medivac  
  86  11:20  Widow Mine x2  
  94  11:31  Command Center  
  94  12:22  Marine x2  
  94  12:43  Widow Mine x3, Marauder, Marine x6, Supply Depot  
  94  12:44  SCV  
  109  12:54  Orbital Command  
  109  13:01  Marine x2  
  109  13:04  Marine x4  
  109  13:05  SCV x2, Marauder  
  117  13:06  Supply Depot  
  115  13:17  SCV x2  
  117  13:28  Marauder, Marine x6  
  117  13:29  Supply Depot  
  125  13:35  SCV  
  125  13:36  SCV  
  121  13:45  Marine  
  121  13:47  SCV  
  122  13:48  SCV  
  122  13:49  Marauder  
  125  13:52  Supply Depot  
  125  14:00  SCV  
  125  14:11  Marauder  
  125  14:17  Supply Depot  
Show
View Real Time Build Order
Export as new Build Order

SHOOTNIK Protoss 

Build Orders:  

Get SALT Encoding   

  12  0:03  Probe  
  13  0:17  Pylon  
  13  0:20  Probe  
  14  0:30  Assimilator  
  14  0:43  Gateway  
  14  0:46  Probe (Chrono Boost)  
  15  0:56  Probe (Chrono Boost)  
  16  1:00  Probe (Chrono Boost)  
  17  1:08  Gateway  
  17  1:30  Zealot (Chrono Boost)  
  19  2:11  Pylon  
  19  2:37  Cybernetics Core  
  19  2:56  Pylon  
  18  3:15  Forge  
  18  3:17  Pylon  
  17  3:21  Pylon  
  9  3:55  Photon Cannon  
  6  4:03  Photon Cannon x2  
  4  4:57  Photon Cannon  
  3  5:06  Photon Cannon  
  3  5:13  Photon Cannon  
  3  6:16  Nexus  
  3  7:41  Probe (Chrono Boost)  
  4  7:58  Probe  
  5  8:10  Probe  
  6  8:24  Probe  
  7  8:41  Probe (Chrono Boost)  
  7  8:44  Gateway  
  8  8:51  Probe (Chrono Boost)  
  9  8:56  Probe (Chrono Boost)  
  9  9:00  Pylon  
  10  9:08  Probe  
  11  9:20  Probe  
  12  9:32  Probe  
  12  9:36  Photon Cannon  
  13  9:47  Photon Cannon  
  13  9:50  Probe  
  14  10:24  Cybernetics Core  
  14  10:25  Probe (Chrono Boost)  
  14  10:27  Nexus  
  16  10:35  Probe (Chrono Boost)  
  16  10:36  Assimilator  
  16  10:40  Probe (Chrono Boost)  
  16  10:42  Assimilator  
  17  10:52  Probe  
  18  11:04  Probe (Chrono Boost)  
  19  11:05  Stargate  
  19  11:07  Stargate  
  19  11:16  Probe (Chrono Boost)  
  20  11:21  Probe (Chrono Boost)  
  21  11:30  Probe  
  22  11:42  Probe  
  23  12:02  Void Ray x2, Fleet Beacon  
  31  12:10  Probe (Chrono Boost)  
  32  12:20  Probe (Chrono Boost)  
  33  12:25  Probe (Chrono Boost)  
  34  12:36  Probe  
  35  12:48  Void Ray x2  
Show
View Real Time Build Order
Export as new Build Order

NinkaSuka Terran 

Build Orders: 2 Factory 

Get SALT Encoding   

  12  0:02  SCV  
  13  0:14  SCV  
  13  0:20  Supply Depot  
  14  0:26  SCV  
  15  0:42  SCV  
  16  0:46  Barracks  
  16  0:52  Refinery  
  16  0:54  SCV  
  17  1:06  SCV  
  18  1:18  SCV, Supply Depot  
  19  1:33  Orbital Command  
  19  1:34  Refinery, Marine  
  20  1:51  Supply Depot  
  20  1:52  Marine  
  22  2:05  Factory  
  22  2:06  SCV  
  22  2:14  Marine  
  23  2:24  SCV  
  24  2:33  Factory, Marine  
  24  2:36  SCV  
  26  2:48  SCV  
  27  2:56  Factory Tech Lab  
  27  3:12  SCV  
  28  3:16  Siege Tank  
  28  3:17  Factory Tech Lab  
  31  3:23  Supply Depot  
  31  3:24  SCV  
  31  3:25  Barracks Reactor  
  32  3:28  Engineering Bay  
  32  3:36  SCV  
  32  3:37  Cyclone  
  36  3:45  Supply Depot  
  36  3:48  SCV  
  36  3:55  Siege Tank  
  40  3:57  Missile Turret  
  40  4:00  SCV  
  40  4:01  Marine  
  40  4:02  Marine  
  43  4:13  SCV  
  44  4:19  Marine x2  
  44  4:22  Cyclone  
  49  4:27  Cyclone  
  52  4:37  Marine x2  
  52  4:54  SCV  
  47  5:40  Command Center  
  47  5:48  Marine  
  47  5:49  Marine  
  49  5:58  Cyclone x2  
  49  6:01  Missile Turret  
  55  6:04  Barracks  
  55  6:05  Barracks  
  55  6:12  Terran Infantry Weapons Level 1  
  55  6:13  Marine  
  55  6:16  Supply Depot  
  56  6:18  Supply Depot  
  56  6:25  Missile Turret  
  46  7:00  Cyclone x2  
  52  7:01  Barracks Reactor, Barracks Tech Lab  
  52  7:06  Orbital Command  
  52  7:08  Missile Turret  
  52  7:16  Starport  
  50  7:34  Marine x2  
  52  7:37  Missile Turret  
  52  7:40  Stimpack  
  52  7:43  Cyclone  
  55  7:50  SCV  
  55  7:51  SCV  
  57  7:58  Starport Reactor  
  57  8:03  SCV x2  
  57  8:04  Refinery  
  59  8:09  Terran Infantry Armor Level 1  
  59  8:15  SCV x2  
  59  8:17  Marine  
  63  8:27  SCV x2  
  64  8:34  Medivac  
  64  8:35  Medivac  
  64  8:39  SCV x2  
  70  8:45  Refinery  
  70  8:51  SCV x2  
  72  9:05  SCV  
  72  9:06  Medivac  
  72  9:07  Medivac  
  77  9:13  SCV  
  78  9:17  SCV  
  69  10:21  Armory  
  69  10:22  Engineering Bay  
  69  10:27  Medivac x2  
  73  10:29  Marine x4  
  73  10:30  Marine  
  73  10:31  Combat Shield  
  78  10:39  Barracks  
  78  10:40  Barracks  
  78  10:42  Command Center  
  75  10:46  Marine  
  79  10:57  Siege Tank  
  79  11:03  Marine x2  
  81  11:14  Siege Tank  
  81  11:16  SCV  
  85  11:18  Terran Vehicle Weapons Level 1  
  85  11:28  Marine  
  86  11:39  Marine x2  
  80  11:53  Marine x2  
  78  11:56  Marine  
  78  11:57  Marine x4  
  65  12:09  Widow Mine x2  
  65  12:11  Bunker, Marine x2  
  65  12:12  Bunker  
  65  12:14  Marine x2  
  65  12:15  Marine x3  
  73  12:29  Marine x2  
  62  12:32  Marine  
Tags
 
Add a new tag
Caveats
  • Supply blocks, unpowered buildings, or Contaminate may cause inaccurate times.
  • Supply counts are checked every 10 seconds.